 Dungeon Sprint DCSS version 0.21-a0-104-g7b58145 (webtiles) character file.

5324 Kidiri the Unseen (level 10, -8/53 HPs)
             Began as a Spriggan Enchanter on July 6, 2017.
             Was a Priest of Dithmenos.
             Mangled by a tentacle (22 damage)
             ... attached to a kraken
             ... in the Dungeon (Sprint II: "The Violet Keep of Menkaure").
             The game lasted 00:10:18 (931 turns).

Kidiri the Unseen (Spriggan Enchanter)               Turns: 931, Time: 00:10:19

Health: -8/53      AC:  4    Str:  4    XL:     10   Next: 38%
Magic:  2/27       EV: 33    Int: 16    God:    Dithmenos [***...]
Gold:   444        SH:  8    Dex: 24    Spells: 21/33 levels left

rFire    . . .     SeeInvis +   a - +1 dagger
rCold    . . .     Gourm    .   k - +0 buckler
rNeg     . . .     Faith    .   b - +0 robe
rPois    .         Spirit   .   (helmet restricted)
rElec    .         Reflect  .   i - +1 cloak {+Inv}
rCorr    .         Harm     .   (gloves unavailable)
MR       +....     NoTele   +   (boots unavailable)
Stlth    +++++++++.             (no amulet)
HPRegen  0.17/turn              l - +5 ring of dexterity (curse)
MPRegen  0.20/turn              (no ring)

@: wreathed by umbra, very quick
A: unfitting armour, see invisible, dopey 1, herbivore 3, speed 3, slow
metabolism 2
a: Shadow Step, Renounce Religion, Evoke Invisibility


You were in the Dungeon.
You worshipped Dithmenos.
Dithmenos was most pleased with you.
You were not hungry.

You visited 1 branch You collected 1314 gold pieces.
You spent 870 gold pieces at shops.

Inventory:

Hand Weapons
 a - a +1 dagger (weapon)
Armour
 b - a +0 robe (worn)
 i - a +1 cloak of invisibility (worn)
 k - a +0 buckler (worn)
Jewellery
 l - a cursed +5 ring of dexterity (left hand)
Scrolls
 h - a scroll of remove curse {unknown}
 j - a scroll of blinking
Potions
 e - a potion of curing
 f - a potion of heal wounds
 g - a potion of haste
Books
 c - a book of Maledictions

   Spells                             Type                      Level
   a - Corona                         Hexes                        1
   b - Ensorcelled Hibernation        Hexes/Ice                    2
   c - Confuse                        Hexes                        3
   d - Tukima's Dance                 Hexes                        3
   e - Dazzling Spray                 Conjuration/Hexes            3
Comestibles
 d - a bread ration


   Skills:
 + Level 6.0 Fighting
 * Level 11.1 Short Blades
 + Level 5.3 Armour
 * Level 14.0 Dodging
 * Level 15.5 Stealth
 + Level 3.2 Shields
 * Level 12.1 Spellcasting
 + Level 9.5 Hexes
 - Level 4.1 Invocations
 + Level 6.0 Evocations


You had 21 spell levels left.
You knew the following spells:

 Your Spells              Type           Power        Failure   Level  Hunger
a - Corona                Hex            #####..      1%          1    None
b - Ensorcelled Hibernat  Hex/Ice        ####..       1%          2    None
c - Confuse               Hex            #####...     1%          3    None
d - Tukima's Dance        Hex            #####...     1%          3    None
e - Dazzling Spray        Conj/Hex       ####..       4%          3    None


Dungeon Overview and Level Annotations

Branches:
Dungeon (1/1)

Altars:
Cheibriados
Dithmenos
Elyvilon
Fedhas
Gozag
Hepliaklqana
Kikubaaqudgha
Makhleb
Nemelex Xobeh
Okawaru
Qazlal
Ru
Sif Muna
Trog
Uskayaw
Vehumet
Wu Jian
Xom
Yredelemnul
Zin
The Shining One
Beogh
Jiyva
Lugonu

Shops:
D [!:?*=*:%!(![=!}

Annotations:
D exclusion: oklob plant


Innate Abilities, Weirdness & Mutations

You are very small and have problems with some larger weapons.
You are too small for most types of armour.
You have supernaturally acute eyesight. (SInv)
You are a herbivore.
You cover ground extremely quickly.
You need consume almost no food.
You are dopey. (Int -2)


Message History

Unknown command.
Unknown command.
Okay, then.
Unknown command.
Unknown command.
You open the door.
Tentacles burst out of the water! 2 tentacles come into view.
Found eight items.
There is an open door here.
The tentacle slaps you but does no damage.
Found nine items.
You see here a robe.
The tentacle slaps you!!
* * * LOW HITPOINT WARNING * * *
Found five items.
You see here a scroll of blinking.
The tentacle completely misses you.
You see here a whip.
The tentacle slaps you!!
You die...

e≈.....# ###....#
#))▓▓▓▓▓▓▓▓▓▓▓ ..+..^.#
#|)▓??([$)?)▓▓ ..####.#
#[§▓(???)(?)▓▓ ###..+.###
}:▓$%?$?)$?▓▓
..#..#...####▓%=$!$!?(▓▓
..#####..##.#▓!$)?(!!!▓▓
#..#.†+..#..#▓)(!?)$$?▓▓
#..#..#..#..#▓!!@)?$%=▓▓
+..####..##.#▓([!w──!)▓▓
#.§..###^..##▓▓▓▓▓▓▓\▓▓▓▓+▓
#......≈≈(≈≈≈≈≈≈≈≈≈≈.\wX≈≈▓
≈≈..§..≈#+########+###Vww≈▓
≈≈≈≈≈..≈#_._.....#§§§##≈≈≈▓
≈≈≈§≈≈.≈#%_%_....#§§≈§####▓
≈§≈≈≈§§≈#_._._...#≈≈≈§≈#
§§≈≈≈§≈≈#._._._..#§§≈§§≈


You could see a kraken and 3 tentacles.

Vanquished Creatures
  A great orb of eyes (D)
  3 manticores (D)
  3 shining eyes (D)
  A yaktaur (D)
  3 polar bears (D)
  2 tyrant leeches (D)
  A hornet (D)
  A blink frog (D)
  4 neqoxecs (D)
  Menkaure (D)
  4 worker ants (D)
  3 worms (D)
27 creatures vanquished.

Vanquished Creatures (others)
  A crocodile (D)
  8 tentacles (D)
9 creatures vanquished.

Grand Total: 36 creatures vanquished

Notes
Turn   | Place    | Note
-------+----------+-------------------------------------------
     0 | D        | Kidiri the Spriggan Enchanter began the quest for the Orb.
     0 | D        | Reached XP level 1. HP: 9/9 MP: 5/5
     1 | D        | Noticed a worker ant
     1 | D        | Noticed a worker ant
    17 | D        | Reached skill level 5 in Stealth
    54 | D        | Killed a crocodile
    72 | D        | Reached XP level 2. HP: 9/14 MP: 7/7
    81 | D        | Learned a level 2 spell: Ensorcelled Hibernation
   179 | D        | Noticed a tyrant leech
   179 | D        | Noticed a tyrant leech
   183 | D        | Noticed a neqoxec
   190 | D        | Reached skill level 1 in Fighting
   190 | D        | Reached skill level 6 in Stealth
   190 | D        | Reached XP level 3. HP: 18/18 MP: 9/9
   192 | D        | Reached skill level 1 in Armour
   192 | D        | Reached skill level 5 in Dodging
   197 | D        | Reached skill level 7 in Stealth
   197 | D        | Reached XP level 4. HP: 23/23 MP: 9/11
   201 | D        | Reached skill level 5 in Spellcasting
   209 | D        | Noticed an orange crystal statue
   211 | D        | Noticed Menkaure
   212 | D        | Found Tafeuts's Distillery.
   212 | D        | Found Voicodd's Gadget Emporium.
   213 | D        | Killed Menkaure
   213 | D        | Reached skill level 5 in Short Blades
   213 | D        | Reached skill level 9 in Stealth
   213 | D        | Reached skill level 5 in Hexes
   213 | D        | Reached XP level 5. HP: 27/27 MP: 9/15
   228 | D        | Learned a level 3 spell: Confuse
   232 | D        | Learned a level 3 spell: Tukima's Dance
   236 | D        | Learned a level 3 spell: Dazzling Spray
   262 | D        | Killed a tyrant leech
   262 | D        | Reached skill level 10 in Stealth
   262 | D        | Reached XP level 6. HP: 32/32 MP: 13/17
   266 | D        | Killed a tyrant leech
   266 | D        | Reached skill level 11 in Stealth
   266 | D        | Reached XP level 7. HP: 37/37 MP: 7/19
   348 | D        | Killed a neqoxec
   348 | D        | Reached skill level 10 in Dodging
   356 | D        | Noticed a neqoxec
   364 | D        | Gained mutation: You are dopey. (Int -2) [a neqoxec]
   367 | D        | Killed a neqoxec
   367 | D        | Reached skill level 12 in Stealth
   369 | D        | Noticed a neqoxec
   379 | D        | Killed a neqoxec
   379 | D        | Reached XP level 8. HP: 16/42 MP: 11/22
   380 | D        | Found Looqyfoi's Jewellery Shoppe.
   380 | D        | Found Lauk's Distillery.
   380 | D        | Found Niecluy's Antique Armour Emporium.
   380 | D        | Found Ifeunuxo's Distillery.
   380 | D        | Found Cyununk's Antique Weapon Shoppe.
   580 | D        | Noticed an ice statue
   589 | D        | Found Vosch's Food Shoppe.
   590 | D        | Noticed a blink frog
   592 | D        | Killed a blink frog
   598 | D        | Found Odiunwit's Book Emporium.
   599 | D        | Found Xoniged's Assorted Antiques.
   599 | D        | Found Joqoqaaj's Jewellery Emporium.
   603 | D        | Found Anomem's General Store.
   603 | D        | Found Xuits's Magic Scroll Emporium.
   603 | D        | Noticed an oklob plant
   604 | D        | Found Wuquc's Distillery.
   604 | D        | Found Ybues's Antique Armour Emporium.
   604 | D        | Found Eraety's Book Shoppe.
   612 | D        | Noticed a spiny frog
   621 | D        | Noticed a spiny frog
   641 | D        | Bought a runed cloak for 210 gold pieces
   641 | D        | Bought a buckler for 126 gold pieces
   655 | D        | Bought a cursed +5 ring of dexterity for 534 gold pieces
   690 | D        | Found an iron altar of Okawaru.
   690 | D        | Found a radiant altar of Vehumet.
   690 | D        | Found a glowing silver altar of Zin.
   691 | D        | Found a sparkling altar of Nemelex Xobeh.
   691 | D        | Found a hide-covered altar of Uskayaw.
   692 | D        | Found an opulent altar of Gozag.
   692 | D        | Found a burning altar of Makhleb.
   692 | D        | Found a bloodstained altar of Trog.
   693 | D        | Found a blossoming altar of Fedhas.
   693 | D        | Found a corrupted altar of Lugonu.
   693 | D        | Found a basalt altar of Yredelemnul.
   693 | D        | Found a deep blue altar of Sif Muna.
   694 | D        | Found a white marble altar of Elyvilon.
   694 | D        | Found an ancient bone altar of Kikubaaqudgha.
   695 | D        | Found a shadowy altar of Dithmenos.
   695 | D        | Found a viscous altar of Jiyva.
   696 | D        | Found a snail-covered altar of Cheibriados.
   698 | D        | Noticed a polar bear
   698 | D        | Found a roughly hewn altar of Beogh.
   698 | D        | Found a shimmering altar of Xom.
   698 | D        | Found a sacrificial altar of Ru.
   698 | D        | Found a hazy altar of Hepliaklqana.
   698 | D        | Noticed a polar bear
   699 | D        | Found a glowing golden altar of the Shining One.
   699 | D        | Found an ornate altar of the Wu Jian Council.
   699 | D        | Found a stormy altar of Qazlal.
   699 | D        | Noticed a yaktaur
   700 | D        | Noticed a polar bear
   701 | D        | Noticed a hornet
   706 | D        | Became a worshipper of Dithmenos the Shadowed
   719 | D        | Killed a polar bear
   719 | D        | Reached skill level 13 in Stealth
   719 | D        | Reached skill level 10 in Spellcasting
   719 | D        | Reached skill level 1 in Invocations
   719 | D        | Reached skill level 1 in Evocations
   724 | D        | Killed a polar bear
   728 | D        | Killed a hornet
   728 | D        | Reached * piety under Dithmenos
   728 | D        | Reached skill level 1 in Shields
   738 | D        | Killed a yaktaur
   738 | D        | Reached skill level 5 in Fighting
   738 | D        | Reached XP level 9. HP: 43/47 MP: 19/24
   755 | D        | Killed a polar bear
   782 | D        | Noticed a manticore
   783 | D        | Noticed a manticore
   783 | D        | Noticed a manticore
   784 | D        | Killed a manticore
   784 | D        | Reached ** piety under Dithmenos
   784 | D        | Reached skill level 10 in Short Blades
   784 | D        | Reached skill level 14 in Stealth
   785 | D        | Killed a manticore
   787 | D        | Killed a manticore
   797 | D        | Noticed a shining eye
   797 | D        | Noticed a shining eye
   798 | D        | Noticed a shining eye
   799 | D        | Killed a shining eye
   799 | D        | Reached skill level 5 in Evocations
   801 | D        | Killed a shining eye
   801 | D        | Reached *** piety under Dithmenos
   801 | D        | Reached skill level 5 in Armour
   801 | D        | Reached skill level 15 in Stealth
   801 | D        | Reached XP level 10. HP: 53/53 MP: 26/26
   802 | D        | Killed a shining eye
   806 | D        | Noticed a deep elf master archer
   809 | D        | Noticed a great orb of eyes
   817 | D        | Killed a great orb of eyes
   878 | D        | Noticed a kraken
   931 | D        | Mangled by a tentacle

Vault maps used:
D:        the_violet_keep_of_menkaure

Skill      XL: |  1  2  3  4  5  6  7  8  9 10 |
---------------+-------------------------------+-----
Spellcasting   | 3 4 6 7 8 9 10 11 12 | 12.1
Short Blades   | 2 3 5 6 7 8 9 10 11 | 11.1
Stealth        | 5 6 7 9 10 11 12 13 15 | 15.5
Hexes          | 4 5 6 7 8 9 |  9.5
Fighting       | 1 2 3 4 5 6 |  6.0
Dodging        | 4 5 7 9 10 12 13 14 | 14.0
Armour         | 1 2 3 4 5 |  5.3
Invocations    | 2 3 4 |  4.1
Evocations     | 3 5 6 |  6.0
Shields        | 1 2 3 |  3.2

Action                   |  1- 3 |  4- 6 |  7- 9 | 10-12 || total
-------------------------+-------+-------+-------+-------++-------
Melee: Dagger            |    12 |     6 |    40 |    11 ||    69
 Cast: Ensorcelled Hiber |       |     5 |    20 |     6 ||    31
       Confuse           |       |       |     8 |       ||     8
       Dazzling Spray    |       |       |     1 |     9 ||    10
  Use: Potion            |     1 |       |     2 |       ||     3
 Stab: Sleeping          |     5 |     5 |    12 |     2 ||    24
       Invisible         |       |       |     1 |     2 ||     3
       Confused          |       |       |     4 |       ||     4
Armor: Robe              |       |     1 |     1 |     1 ||     3
Dodge: Dodged            |     3 |     4 |    45 |    12 ||    64
Block: Buckler           |       |       |     5 |     1 ||     6
